 Dungeon Crawl Stone Soup version 0.32-a0-473-gd044c6f0f0 (webtiles) character file.

Game seed: 2296540562344393857

168 Asceticacid the Cutter (level 5, -10/28 HPs)
             Began as a Vine Stalker Fighter on Feb 25, 2024.
             Mangled by a crocodile (13 damage)
             ... in a sewer.
             The game lasted 00:04:29 (1670 turns).

Asceticacid the Cutter (Vine Stalker Fighter)       Turns: 1670, Time: 00:04:29

Health: -10/28     AC:  6    Str: 19    XL:     5   Next: 48%
Magic:  0/6        EV:  9    Int:  8    God:
Gold:   131        SH:  6    Dex: 15    Spells: 4/4 levels left

rFire   . . .        g - +2 dagger (elec)
rCold   . . .        c - +1 buckler
rNeg    . . .        b - +0 scale mail
rPois   .            (no helmet)
rElec   .            (no cloak)
rCorr   .            (no gloves)
SInv    .            (no boots)
Will    .....        (no amulet) Stlth
                     (no ring)
HPRegen 1.04/turn    (no ring)
MPRegen 0.10/turn

%: guardian spirit
@: no status effects
A: fangs 2, regeneration 1, magic shield, antimagic bite, no potion heal 2
a: no special abilities


You were in a sewer.
You visited 1 branch of the dungeon, and saw 3 of its levels.
You also visited: Sewer.

You collected 131 gold pieces.

Inventory:

Hand Weapons
 g - a +2 dagger of electrocution (weapon)
Armour
 b - a +0 scale mail (worn)
 c - a +1 buckler (worn)
Scrolls
 e - 3 scrolls of enchant weapon
 h - a scroll of amnesia
 i - 2 scrolls of teleportation
 k - a scroll of immolation
Potions
 a - 3 potions of enlightenment
 d - a potion of might
 f - 3 potions of magic
 j - a potion of attraction
 m - a potion of haste {unknown}
 n - a potion of brilliance {unknown}


   Skills:
 - Level 3.0 Fighting
 + Level 3.5 Short Blades
 - Level 2.2 Maces & Flails
 - Level 2.7 Armour
 - Level 3.0 Shields


You had 4 spell levels left.
You didn't know any spells.
Your spell library was empty.

Dungeon Overview and Level Annotations

Branches:
Dungeon (3/15)              Sewer (1/1)

Altars:


Innate Abilities, Weirdness & Mutations

You have extremely sharp teeth.
Your natural rate of healing is unusually fast.
When hurt, damage is shared between your health and your magic reserves.
Your bite disrupts and absorbs the magic of your enemies.
Potions cannot restore your health.


Message History

The river rat is moderately wounded.
You block the river rat's attack.
You hit the river rat but do no damage. Your bite misses the river rat.
The river rat is moderately wounded.
The river rat barely misses you.
You hit the river rat but do no damage. Your bite misses the river rat.
The river rat is moderately wounded.
You block the river rat's attack.
A crocodile comes into view.
You hit the river rat but do no damage.
Lightning courses through the river rat!
You kill the river rat!
You hit the rat.
The rat is heavily wounded.
You hit the rat.
You kill the rat!
You hit the crocodile. You bite the crocodile. You drain its power.
The crocodile is moderately wounded.
The crocodile barely misses you.
You hit the crocodile but do no damage.
You bite the crocodile, but do no damage.
The crocodile is moderately wounded.
The crocodile bites you! The crocodile drags you backwards!
You barely miss the crocodile. Your bite misses the crocodile.
The crocodile is moderately wounded.
You hit the crocodile but do no damage.
You bite the crocodile, but do no damage.
The crocodile is moderately wounded.
The crocodile completely misses you.
You closely miss the crocodile.
You bite the crocodile, but do no damage.
The crocodile is moderately wounded.
The crocodile bites you! The crocodile drags you backwards!
You closely miss the crocodile.
The crocodile is moderately wounded.
The crocodile bites you!
* * * LOW HITPOINT WARNING * * *
The crocodile attacks as it pursues you!
The crocodile bites you!
You die...

# ################
# #......##......#
###..~...#.#####@#
≈≈###~####.# #l#
~~~~~~≈≈≈#.# #~~≈#
.†..~~~≈~#.#≈##~~≈
###...~~~#~~≈#..~~≈
##...~~~~####...~~
###...~## ##...~#
###### ###... ####


You could see a crocodile.

Vanquished Creatures
  A sickly merfolk siren (Sewer)
  6 gnolls
  An adder (D:2)
  A river rat (Sewer)
  2 dart slugs (D:1)
  6 ball pythons
  A bat (D:3)
  4 endoplasms (D:1)
  5 giant cockroaches
  4 goblins
  4 hobgoblins
  5 jackals (D:2)
  A quokka (D:1)
  4 frilled lizards
  4 kobolds
  20 rats
69 creatures vanquished.

Notes
Turn   | Place    | Note
-------+----------+-------------------------------------------
     0 | D:1      | Asceticacid the Vine Stalker Fighter began the quest for
                  | the Orb.
     0 | D:1      | Reached XP level 1. HP: 11/11 MP: 2/2
    77 | D:1      | Reached XP level 2. HP: 16/16 MP: 3/3
   712 | D:2      | Reached XP level 3. HP: 18/20 MP: 4/4
   832 | D:2      | Reached skill level 1 in Short Blades
  1031 | D:2      | Reached XP level 4. HP: 24/24 MP: 5/5
  1292 | D:3      | Reached XP level 5. HP: 28/28 MP: 4/6
  1320 | D:3      | Found a glowing drain.
  1352 | Sewer    | Entered a sewer
  1659 | Sewer    | Noticed a crocodile
  1670 | Sewer    | Mangled by a crocodile

Illustrated notes

Levels and vault maps discovered:
D:1:      minmay_arrival_arboretum_large, layout_loops_ring
D:2:      layout_basic, cheibrodos_gnoll_hut
D:3:      layout_basic, mainiacjoe_overflow_alcove_4, marbit_many_paths,
          cheibrodos_sewer_entry_drain, dk_noncrumbling_3
Sewer:    sewer_sea

Skill      XL: |  1  2  3  4  5 |
---------------+----------------+-----
Maces & Flails | 2 |  2.2
Shields        | 3 |  3.0
Fighting       | 3 |  3.0
Short Blades   | 1 2 3 |  3.5
Armour         | |  2.7

Action                     |  1- 3 |  4- 6 || total
---------------------------+-------+-------++-------
  Melee: Flail             |    36 |       ||    36
         Bite              |    15 |    31 ||    46
         Dagger            |    36 |   125 ||   161
    Use: Scroll            |     6 |     5 ||    11
         Potion            |       |     3 ||     3
 Armour: Scale mail        |    36 |    53 ||    89
         Skin              |       |    14 ||    14
  Dodge: Dodged            |    34 |    40 ||    74
  Block: Buckler           |    13 |    20 ||    33

Table legend: (Time is in decaauts)
 A = Elapsed time spent in this place.
 B = Non-inter-level travel time spent in this place.
 C = Inter-level travel time spent in this place.
 D = Time resting spent in this place.
 E = Time spent auto-exploring this place.
 F = Levels seen in this place.
 G = Mean time per level.
                   A        B        C        D        E       F      G
               +--------+--------+--------+--------+--------+-----+--------+
         Total |   1705 |   1671 |     34 |    145 |    925 |   4 |  426.2 |
       Dungeon |   1361 |   1327 |     34 |     45 |    826 |   3 |  453.7 |
         Sewer |    343 |    343 |      0 |    100 |     99 |   1 |  343.0 |
               +--------+--------+--------+--------+--------+-----+--------+

Top non-repeatable levels by time:
     D:1: 704 daAuts
     D:2: 475 daAuts
   Sewer: 343 daAuts
     D:3: 181 daAuts
